Map: Habitation Station LE (Void)

Players

fropez

  • Race: Protoss Protoss
  • League: Gold
  • Spawn Location: 1:00

MooCow - Winner!

  • Race: Protoss Protoss
  • League: Gold
  • Spawn Location: 11:00

VOD

Have the link to the VOD?

Description

Time

  • Played on: Dec. 14, 2016, 10:24 a.m.
  • Length: 10:03
Show
View Real Time Build Order
Export as new Build Order

fropez Protoss 

Build Orders: 1 Gate Expand 

Get SALT Encoding   

  12  0:00  Probe (Chrono Boost)  
  13  0:23  Pylon  
  13  0:24  Probe (Chrono Boost)  
  14  0:32  Assimilator  
  14  0:35  Probe (Chrono Boost)  
  15  0:42  Gateway  
  15  0:45  Probe (Chrono Boost)  
  16  0:56  Probe (Chrono Boost)  
  17  1:06  Probe (Chrono Boost)  
  17  1:10  Assimilator  
  18  1:17  Probe (Chrono Boost)  
  19  1:32  Nexus  
  19  1:36  Probe (Chrono Boost)  
  20  1:46  Probe (Chrono Boost)  
  21  2:08  Cybernetics Core  
  21  2:11  Gateway  
  21  2:18  Pylon  
  21  2:19  Probe (Chrono Boost)  
  22  2:32  Pylon  
  22  2:35  Pylon  
  22  2:36  Probe (Chrono Boost)  
  23  2:44  Warp Gate  
  24  2:47  Stalker  
  27  2:51  Mothership Core (Chrono Boost)  
  27  2:54  Probe (Chrono Boost)  
  27  2:58  Pylon  
  28  3:04  Stalker  
  28  3:05  Probe (Chrono Boost)  
  32  3:20  Probe (Chrono Boost)  
  32  3:29  Probe (Chrono Boost)  
  32  3:30  Pylon  
  33  3:36  Probe (Chrono Boost)  
  33  3:40  Stalker  
  34  3:43  Probe (Chrono Boost)  
  34  3:44  Stalker  
  39  3:56  Pylon  
  39  4:28  Probe x2 (Chrono Boost)  
  41  4:43  Probe x2 (Chrono Boost), Assimilator  
  43  4:46  Assimilator  
  43  4:47  Stalker x2  
  47  4:57  Nexus  
  49  5:00  Twilight Council, Probe x2 (Chrono Boost)  
  49  5:01  Pylon  
  49  5:03  Pylon  
  49  5:05  Pylon  
  49  5:10  Stalker  
  49  5:11  Stalker  
  52  5:21  Pylon  
  52  5:24  Pylon  
  42  5:44  Stalker x2  
  35  6:00  Forge  
  35  6:02  Pylon  
  33  6:06  Blink  
  33  6:09  Probe (Chrono Boost)  
  33  6:10  Adept, Pylon  
  33  6:11  Adept  
  40  6:19  Probe (Chrono Boost), Protoss Ground Weapons Level 1, Mothership Core (Chrono Boost)  
  41  6:30  Probe (Chrono Boost), Gateway  
  42  6:38  Photon Cannon  
  42  6:40  Probe (Chrono Boost)  
  42  6:42  Photon Cannon  
  42  6:43  Probe x2 (Chrono Boost)  
  45  6:48  Pylon  
  45  6:49  Pylon  
  45  6:51  Probe (Chrono Boost)  
  47  6:54  Stalker  
  47  6:55  Probe (Chrono Boost)  
  49  7:05  Probe (Chrono Boost)  
  49  7:06  Probe (Chrono Boost)  
  51  7:16  Probe (Chrono Boost)  
  52  7:23  Stalker x2  
  52  7:26  Probe (Chrono Boost)  
  57  7:32  Stargate  
  57  7:34  Probe x2 (Chrono Boost)  
  57  7:35  Gateway  
  57  7:37  Probe (Chrono Boost)  
  58  7:46  Probe (Chrono Boost)  
  58  7:48  Probe (Chrono Boost)  
  58  7:52  Stalker x2  
  58  7:53  Stalker, Templar Archives  
  65  8:00  Photon Cannon  
  65  8:04  Probe x2 (Chrono Boost)  
  61  8:12  Pylon  
  58  8:15  Void Ray  
  59  8:25  Stalker x3  
  66  8:41  Stalker  
  66  8:55  Pylon  
  66  8:56  Stalker x2  
  66  8:57  Stalker  
  66  8:59  Void Ray  
  76  9:12  Probe x2 (Chrono Boost)  
  76  9:16  Photon Cannon  
  74  9:22  Adept x4  
  76  9:45  High Templar x4  
Show
View Real Time Build Order
Export as new Build Order

MooCow Protoss - Winner!

Build Orders:  

Get SALT Encoding   

  12  0:01  Probe (Chrono Boost)  
  13  0:11  Probe (Chrono Boost)  
  14  0:19  Pylon  
  14  0:22  Probe (Chrono Boost)  
  15  0:37  Probe (Chrono Boost)  
  15  0:38  Gateway  
  16  0:46  Assimilator  
  16  0:48  Probe (Chrono Boost)  
  17  0:59  Pylon  
  17  1:05  Probe (Chrono Boost)  
  18  1:15  Probe (Chrono Boost)  
  18  1:17  Assimilator  
  19  1:25  Cybernetics Core  
  19  1:26  Probe (Chrono Boost)  
  20  1:34  Gateway  
  20  1:36  Probe (Chrono Boost)  
  21  1:47  Probe (Chrono Boost), Warp Gate  
  22  1:55  Pylon  
  22  2:13  Robotics Facility  
  24  2:23  Mothership Core (Chrono Boost)  
  24  2:35  Stalker  
  24  2:36  Stalker  
  29  2:44  Probe (Chrono Boost)  
  29  3:01  Observer  
  30  3:20  Nexus  
  30  3:22  Immortal  
  34  3:38  Probe (Chrono Boost)  
  35  3:52  Pylon  
  35  3:54  Pylon  
  36  3:56  Probe (Chrono Boost)  
  36  4:10  Immortal  
  36  4:14  Stalker x2  
  44  4:36  Probe (Chrono Boost)  
  45  4:44  Probe (Chrono Boost)  
  46  4:47  Probe (Chrono Boost)  
  46  4:49  Stalker x2  
  51  5:09  Probe (Chrono Boost)  
  51  5:11  Probe (Chrono Boost)  
  53  5:15  Stalker x2  
  53  5:18  Assimilator  
  53  5:19  Probe (Chrono Boost)  
  58  5:22  Assimilator  
  58  5:24  Probe (Chrono Boost)  
  51  6:01  Stalker x2  
  51  6:03  Immortal  
  59  6:07  Gateway  
  59  6:09  Gateway  
  59  6:10  Pylon  
  59  6:14  Twilight Council  
  59  6:15  Probe (Chrono Boost)  
  60  6:24  Probe (Chrono Boost), Stalker x2  
  66  6:25  Probe (Chrono Boost)  
  66  6:36  Probe (Chrono Boost)  
  67  6:48  Stalker  
  67  6:49  Stalker  
  67  6:52  Pylon  
  71  6:54  Pylon  
  68  7:17  Stalker x2  
  70  7:30  Stalker x2  
  74  8:04  Stalker x4  
  82  8:06  Immortal  
  86  8:31  Stalker x4  
  92  9:00  Pylon  
  92  9:02  Pylon  
  92  9:03  Pylon, Stalker  
  92  9:06  Pylon  
  92  9:22  Stalker x2  
  92  9:23  Stalker  
  84  9:53  Stalker x4  
Tags
 
Add a new tag
Caveats
  • Supply blocks, unpowered buildings, or Contaminate may cause inaccurate times.
  • Supply counts are checked every 10 seconds.